 Dungeon Crawl Stone Soup version 0.27-a0-1140-g099f9bb (webtiles) character file.

Game seed: 10706669296123841671

461 Meow the Sneak (level 7, 33/55 HPs)
             Began as a Naga Venom Mage on May 8, 2021.
             Quit the game on level 4 of the Dungeon.
             The game lasted 00:11:56 (2507 turns).

Meow the Sneak (Naga Venom Mage)                    Turns: 2507, Time: 00:11:57

Health: 33/55      AC:  7    Str: 10    XL:     7   Next: 7%
Magic:  2/11       EV:  9    Int: 18    God:
Gold:   216        SH:  0    Dex: 11    Spells: 2/12 levels left

rFire    . . .     SeeInvis +   b - +2 trident (holy)
rCold    . . .     Faith    .   (no shield)
rNeg     . . .     Spirit   .   d - +0 robe
rPois    +         Reflect  .   t - +1 helmet
rElec    .         Harm     .   o - +1 cloak
rCorr    .         Rampage  .   (no gloves)
Will     .....                  (no barding)
Stlth    +++.......             (no amulet)
HPRegen  0.18/turn              (no ring)
MPRegen  0.12/turn              (no ring)

@: very slow
A: AC +2, large, see invisible, deformed body, poison resistance, slowness 2,
spit poison 1, naga tail 1
a: Spit Poison


You were on level 4 of the Dungeon.
You visited 1 branch of the dungeon, and saw 4 of its levels.

You collected 216 gold pieces.

Inventory:

Hand Weapons
 a - a +0 hunting sling
 b - a +2 trident of holy wrath (weapon)
 c - a +0 hand axe
 v - a +0 short sword
 y - a +2 dagger of speed
Missiles
 g - 11 bolts
 m - 199 stones
 n - 49 sling bullets
 q - 10 poisoned darts
Armour
 d - a +0 robe (worn)
 o - a +1 cloak (worn)
 t - a +1 helmet (worn)
Wands
 u - a wand of iceblast (4)
Scrolls
 e - a scroll of enchant weapon {unknown}
 f - a scroll of brand weapon {unknown}
 l - a scroll of teleportation {unknown}
 w - a scroll of noise {unknown}
Potions
 i - a potion of brilliance
 j - a potion of resistance {unknown}
 k - a potion of lignification {unknown}
 p - 3 potions of ambrosia {unknown}
 r - 2 potions of curing {unknown}
 s - 2 potions of attraction {unknown}
 x - a potion of flight {unknown}


   Skills:
 - Level 1.5 Dodging
 * Level 7.2 Stealth
 + Level 3.3 Spellcasting
 * Level 3.6 Conjurations
 - Level 1.0 Transmutations
 + Level 5.6 Poison Magic


You had 2 spell levels left.
You knew the following spells:

 Your Spells              Type           Power      Damage    Failure   Level
a - Sting                 Tmut/Pois      56%        1d5       4%          1
b - Searing Ray           Conj           32%        3d4       5%          2
c - Mephitic Cloud        Conj/Pois/Air  14%        N/A       14%         3
A - Magic Dart            Conj           64%        1d6       3%          1
C - Ignite Poison         Fire/Tmut/Pois 10%        N/A       19%         3

Your spell library contained the following spells:

 Spells                   Type           Power      Damage    Failure   Level
 Poisonous Vapours        Pois/Air       26%        N/A       8%          2
 Animate Skeleton         Necr           4%         N/A       16%         1
 Pain                     Necr           8%         1d4       16%         1
 Olgreb's Toxic Radiance  Pois           23%        N/A       16%         4
 Dazzling Flash           Conj/Hex       18%        N/A       22%         3
 Vampiric Draining        Necr           1%         2d6       43%         3
 Fulminant Prism          Conj/Hex       4%         3d6       58%         4
 Iskenderun's Mystic Bla  Conj/Tloc      9%         2d4       58%         4
 Animate Dead             Necr           1%         N/A       85%         4
 Agony                    Necr           2%         N/A       99%         5


Dungeon Overview and Level Annotations

Branches:
Dungeon (4/15)
 Temple: D:4-7

Altars:

Annotations:
D:3 Grinder


Innate Abilities, Weirdness & Mutations

Your serpentine skin is tough. (AC +2)
You have supernaturally acute eyesight. (SInv)
Armour fits poorly on your strangely shaped body.
Your system is resistant to poisons. (rPois)
You cover ground very slowly.
You can spit poison.
You have a snake-like lower body.


Message History

* * * LOW HITPOINT WARNING * * *
Unknown command.
Press: ? - help, Shift-Dir - straight line, f - scorpion
Aim: a scorpion (heavily wounded)
The splash of poison hits the scorpion.
The scorpion is severely wounded.
The scorpion barely misses you.
Unknown command.
Unknown command.
Press: ? - help, v - describe, . - travel
Here: a scorpion (severely wounded)
The floor.
The scorpion stings you but does no damage.
You have got your breath back.
The scorpion stings you!
* * * LOW HITPOINT WARNING * * *
You are lethally poisoned!
The scorpion poisons you!
You feel much better.
You feel sick. The scorpion stings you.
Okay, then.
Assign waypoint to what number? (0-9)
Okay, then.
You feel sick. The scorpion barely misses you.
You closely miss the scorpion.
The scorpion is heavily wounded.
You feel sick. The scorpion stings you.
You closely miss the scorpion.
The scorpion is heavily wounded.
You feel sick. The scorpion barely misses you. The scorpion closely misses you.
You barely miss the scorpion.
The scorpion is heavily wounded.
You feel sick. The scorpion completely misses you.
You puncture the scorpion!
You kill the scorpion!
You feel sick.
You are no longer poisoned.
Your Stealth skill increases to level 7!
You have reached level 7!
Okay, then.
Are you sure you want to abandon this character and quit the game? (Confirm with "yes".)

#♣≈ ####... .......<..
♣≈≈≈♣...... ..........
#♣≈≈≈♣..##.# ..........
♣≈P≈≈♣...#.##.##.......
♣≈≈≈≈≈...#... #.....).
#♣≈≈P≈≈.†.♣.#####.......
#≈≈≈≈≈....≈≈...##.......
≈≈≈≈≈≈...≈≈♣♣..##.......
≈≈≈≈≈P.@..≈≈♣..##.....##
P≈≈≈≈≈.†..≈≈♣♣.#..#.#..^
♣≈≈≈≈♣≈..≈≈♣♣♣...##.#...
≈P≈≈P≈...≈≈≈♣♣#.###...#.
≈≈≈≈≈≈...≈≈≈♣♣......####
≈≈≈≈≈....≈≈≈♣♣.###.##
P≈≈≈≈≈≈†)≈≈≈♣..# #.#
...P≈...≈≈♣♣.#.# ...
....♣≈..≈♣♣.##.#..###


There were no monsters in sight!

Vanquished Creatures
  A black bear (D:4)
  A centaur (D:4)
  Blork the orc (D:4)
  A scorpion (D:4)
  A hound (D:4)
  An iguana (D:4)
  Robin (D:4)
  3 adders
  3 dart slugs
  9 endoplasms
  4 giant cockroaches
  16 goblins
  2 hobgoblins
  A quokka (D:1)
  7 ball pythons
  3 bats (D:2)
  4 frilled lizards
  4 kobolds (D:1)
  9 rats
72 creatures vanquished.

Vanquished Creatures (others)
  7 plants (D:4)
7 creatures vanquished.

Grand Total: 79 creatures vanquished

Notes
Turn   | Place    | Note
-------+----------+-------------------------------------------
     0 | D:1      | Meow the Naga Venom Mage began the quest for the Orb.
     0 | D:1      | Reached XP level 1. HP: 15/15 MP: 3/3
   361 | D:1      | Reached XP level 2. HP: 22/22 MP: 5/5
   474 | D:1      | Learned a level 2 spell: Searing Ray
   476 | D:1      | Learned a level 1 spell: Magic Dart
   608 | D:1      | Reached skill level 4 in Stealth
  1300 | D:2      | Reached XP level 3. HP: 27/28 MP: 6/6
  1533 | D:2      | Reached skill level 1 in Conjurations
  1772 | D:2      | Reached XP level 4. HP: 36/36 MP: 5/7
  1776 | D:2      | Learned a level 3 spell: Mephitic Cloud
  1944 | D:3      | Noticed Grinder
  1993 | D:4      | Noticed Robin
  2049 | D:4      | Noticed Blork the orc
  2060 | D:4      | Killed Blork the orc
  2061 | D:4      | Reached skill level 5 in Stealth
  2061 | D:4      | Reached XP level 5. HP: 13/42 MP: 1/9
  2262 | D:4      | Reached skill level 5 in Poison Magic
  2295 | D:4      | Killed Robin
  2421 | D:4      | Noticed a centaur
  2431 | D:4      | Killed a centaur
  2432 | D:4      | Reached skill level 6 in Stealth
  2432 | D:4      | Reached XP level 6. HP: 49/49 MP: 0/10
  2436 | D:4      | Learned a level 3 spell: Ignite Poison
  2436 | D:4      | Noticed a black bear
  2460 | D:4      | Killed a black bear
  2507 | D:4      | Reached skill level 7 in Stealth
  2507 | D:4      | Reached XP level 7. HP: 33/55 MP: 2/11
  2507 | D:4      | Quit the game

Illustrated notes

Levels and vault maps discovered:
D:1:      dpeg_arrival_prison, layout_basic
D:2:      layout_basic, hangedman_feature_mirror, minmay_tripent
D:3:      layout_loops_cross, hellmonk_ecumenical_altar_arch_garden,
          uniq_grinder, uniq_ijyb, uniq_sigmund, uniq_terence
D:4:      layout_rooms, minmay_temple_entry_nine_rooms, serial_bayou,
          serial_bayou_ford_a, serial_bayou_crossing, serial_bayou_pond_d,
          serial_bayou_lake_a, kennysheep_generic_room_14, uniq_robin,
          uniq_menkaure, uniq_crazy_yiuf_cottage, uniq_eustachio,
          uniq_blork_the_orc

Skill      XL: |  1  2  3  4  5  6 |
---------------+-------------------+-----
Stealth        | 4 5 6 7 |  7.2
Conjurations   | 1 2 3 |  3.6
Poison Magic   | 5 |  5.6
Spellcasting   | 3 |  3.3
Dodging        | |  1.5
Transmutations | |  1.0

Action                   |  1- 3 |  4- 6 |  7- 9 || total
-------------------------+-------+-------+-------++-------
Melee: Short sword       |     4 |       |       ||     4
       Trident           |       |     6 |       ||     6
 Fire: Hunting sling     |    31 |     6 |       ||    37
Throw: Stone             |     4 |       |       ||     4
 Cast: Sting             |    20 |    31 |       ||    51
       Magic Dart        |     2 |       |       ||     2
       Searing Ray       |     1 |       |       ||     1
       Mephitic Cloud    |       |     1 |       ||     1
 Abil: Spit Poison       |    34 |    29 |       ||    63
Evoke: Wand              |       |     2 |       ||     2
  Use: Scroll            |     2 |       |       ||     2
       Potion            |       |     1 |       ||     1
Armor: Robe              |     1 |    20 |       ||    21
Dodge: Dodged            |    11 |    31 |       ||    42

Table legend: (Time is in decaauts)
 A = Elapsed time spent in this place.
 B = Non-inter-level travel time spent in this place.
 C = Inter-level travel time spent in this place.
 D = Time resting spent in this place.
 E = Time spent auto-exploring this place.
 F = Levels seen in this place.
 G = Mean time per level.
                   A        B        C        D        E       F      G
               +--------+--------+--------+--------+--------+-----+--------+
         Total |   3193 |   2993 |    200 |    480 |   1852 |   4 |  798.2 |
       Dungeon |   3193 |   2993 |    200 |    480 |   1852 |   4 |  798.2 |
               +--------+--------+--------+--------+--------+-----+--------+

Top non-repeatable levels by time:
     D:1: 1680 daAuts
     D:2: 803 daAuts
     D:4: 642 daAuts
     D:3: 67 daAuts
